 Dungeon Crawl Stone Soup version 0.31.0-32-g396128a36d (webtiles) character file.

Game seed: 6788718481361568588

4165 KittyFluff the Basher (level 10, -3/107 HPs)
             Began as an Oni Fighter on Mar 19, 2024.
             Was an Initiate of Trog.
             Slain by a hornet (4 damage)
             ... on level 9 of the Dungeon.
             The game lasted 00:29:10 (7080 turns).

KittyFluff the Basher (Oni Fighter)                 Turns: 7080, Time: 00:29:11

Health: -3/107     AC:  4    Str: 24    XL:     10   Next: 28%
Magic:  10/10      EV: 10    Int: 15    God:    Trog [......]
Gold:   687        SH:  9    Dex: 10    Spells: 9/9 levels left

rFire   . . .        I - +4 flail
rCold   . . .        c - +0 kite shield
rNeg    . . .        b - +0 robe
rPois   .            (helmet restricted)
rElec   .            F - +0 cloak
rCorr   .            (gloves unavailable)
SInv    .            (boots unavailable)
Will    ++...        k - amulet of regeneration
Stlth   ++           w - ring of willpower
HPRegen 1.17/turn    D - +6 ring of intelligence
MPRegen 0.12/turn

%: no passive effects
@: mighty, lethally poisoned (-3 -> -4), slowed, very slow
A: large, unfitting armour, horns 1, tough skin 1, double potion healing,
drunken brawling
a: Renounce Religion


You were on level 9 of the Dungeon.
You worshipped Trog.
Trog was noncommittal.
You visited 2 branches of the dungeon, and saw 10 of its levels.

You collected 687 gold pieces.

Inventory:

Hand Weapons
 n - a +0 morningstar
 I - a +4 flail (weapon)
Missiles
 d - 12 poisoned darts
 e - 27 stones (quivered)
 v - 6 curare-tipped darts
 x - 2 boomerangs
Armour
 b - a +0 robe (worn)
 c - a +0 kite shield (worn)
 F - a +0 cloak (worn)
Jewellery
 k - an amulet of regeneration (around neck)
 w - a ring of willpower (left hand)
 A - an amulet of magic regeneration
 D - a +6 ring of intelligence (right hand)
Talismans
 p - a flux talisman
Wands
 i - a wand of paralysis (25)
 s - a wand of polymorph (2)
 y - a wand of roots (10)
 B - a wand of mindburst (16)
 C - a wand of flame (7)
Scrolls
 f - a scroll of noise {unknown}
 g - a scroll of blinking {unknown}
 h - 2 scrolls of vulnerability {unknown}
 m - 3 scrolls of summoning {unknown}
 o - 3 scrolls of enchant weapon {unknown}
 q - a scroll of poison {unknown}
 r - 3 scrolls of identify {unknown}
 u - a scroll of amnesia {unknown}
 z - a scroll of enchant armour {unknown}
 G - a scroll of torment {unknown}
 H - a scroll of fear {unknown}
Potions
 j - 2 potions of curing
 l - 3 potions of ambrosia {unknown}
 t - a potion of might
 E - a potion of heal wounds {unknown}


   Skills:
 + Level 9.4 Fighting
 + Level 9.6 Maces & Flails
 + Level 2.0 Throwing
 + Level 6.3 Dodging
 + Level 1.8 Stealth
 + Level 5.9 Shields


You had 9 spell levels left.
You didn't know any spells.
Your spell library contained the following spells:

 Spells                   Type           Power      Damage    Failure   Level
 Necrotise                Necr           0%         1d4       47%         1
 Frozen Ramparts          Ice            0%         1d1       85%         3
 Hailstorm                Conj/Ice       0%         3d5       85%         3
 Summon Ice Beast         Ice/Summ       0%         N/A       85%         3
 Vampiric Draining        Necr           0%         2d6       85%         3
 Leda's Liquefaction      Alch/Erth      0%         N/A       99%         4
 Martyr's Knell           Necr/Summ      0%         N/A       99%         4
 Petrify                  Alch/Erth      0%         N/A       99%         4
 Curse of Agony           Necr           0%         N/A       100%        5
 Metabolic Englaciation   Hex/Ice        0%         N/A       100%        5
 Sculpt Simulacrum        Ice/Alch       0%         N/A       100%        6


Dungeon Overview and Level Annotations

Branches:
Dungeon (9/15)             Temple (1/1) D:7
   Lair: D:8-11         Orc: D:9-12

Altars:
Ashenzari
Cheibriados
Dithmenos
Elyvilon
Fedhas
Gozag
Hepliaklqana
Kikubaaqudgha
Makhleb
Nemelex Xobeh
Okawaru
Qazlal
Ru
Sif Muna
Trog
Uskayaw
Vehumet
Wu Jian
Xom
Yredelemnul
Zin
The Shining One

Annotations:
D:8 2 transporters, rozman's ghost, novice MiFi


Innate Abilities, Weirdness & Mutations

You are too large for most types of armour.
You have a pair of small horns on your head.
You have tough skin. (AC +1)
You gain doubled healing and magic from potions.
Whenever you drink a healing potion, you attack all around you.


Message History

The hornet is heavily wounded.
You feel very sick. The hornet stings you!
You are more poisoned.
You feel as though you will be slow longer.
The kobold brigand hits you with a +0 club!
The hornet stings you!
You are more poisoned.
You feel as though you will be slow longer.
The kobold brigand hits you with a +0 club.
You hit the hornet.
The hornet is heavily wounded.
You feel extremely sick.
A centaur comes into view.
The hornet closely misses you. You block the hornet's attack.
The kobold brigand hits you with a +0 club.
* * * LOW HITPOINT WARNING * * *
The centaur hits the fungus.
The fungus begins to die.
The centaur kicks the fungus.
You block the hornet's attack.
Okay, then.
You take a swig of the potion and twirl your +4 flail.
You barely miss the hornet.
The hornet is heavily wounded.
You closely miss the kobold brigand.
It was a potion of curing.
You savour every drop.
You feel better. You block the kobold brigand's attack. The hornet stings you!
* * * LOW HITPOINT WARNING * * *
You are poisoned.
You feel as though you will be slow longer.
The centaur wields a +0 orcbow.
The centaur shoots an arrow.
The arrow hits you!
* * * LOW HITPOINT WARNING * * *
The kobold brigand hits you but does no damage.
You block the hornet's attack.
You feel very mighty all of a sudden.
You feel very sick.
The centaur shoots an arrow.
The arrow hits you!
* * * LOW HITPOINT WARNING * * *
The hornet stings you.
You die...

#.PP...P.##
#....P....#
#.P..P.._.#
#....PP...#
#.P...PP.#
#..P..PP..
#..P.c.PP
#y..P..PP
#@#.P..PP
#K#.P..PP
#K).PP..P
##......P
.#.K...
....PP.
.._.PP. ...
..K .#.....


You could see a hornet, a kobold brigand, a centaur and a kobold.

Vanquished Creatures
  Prince Ribbit (D:6)
  A wyvern (D:8)
  7 yaks
  A water moccasin (D:8)
  2 ice beasts
  3 sky beasts
  An ogre (D:5)
  4 black bears
  2 centaurs
  7 bullfrogs
  2 gnoll sergeants
  2 scorpions
  5 wights (D:9)
  A jelly (D:6)
  3 hounds (D:6)
  2 orc priests
  A sleepcap (D:5)
  Natasha (twice) (D:2)
  5 orc wizards
  12 gnolls
  12 adders
  A shadow imp (D:7)
  A white imp (D:5)
  The ghost of flammie80 the Trooper, a weakling FoMo (D:6)
  2 dart slugs
  2 ribbon worms (D:2)
  20 orcs
  7 endoplasms
  4 giant cockroaches
  5 goblins
  6 hobgoblins
  9 jackals
  11 kobolds
  4 quokkas
  11 ball pythons
  7 bats
  A frilled lizard (D:1)
  7 rats
175 creatures vanquished.

Notes
Turn   | Place    | Note
-------+----------+-------------------------------------------
     0 | D:1      | KittyFluff the Oni Fighter began the quest for the Orb.
     0 | D:1      | Reached XP level 1. HP: 24/24 MP: 1/1
    50 | D:1      | Reached XP level 2. HP: 26/32 MP: 2/2
   299 | D:1      | Reached XP level 3. HP: 30/40 MP: 3/3
   788 | D:2      | You fall into a shaft and drop 2 floors!
   888 | D:4      | Noticed a black bear
   902 | D:4      | HP: 2/40 [black bear (1)]
   904 | D:4      | Killed a black bear
   905 | D:4      | Reached XP level 4. HP: 3/49 MP: 4/4
   905 | D:4      | Reached XP level 5. HP: 4/55 MP: 5/5
  1856 | D:2      | Reached skill level 5 in Fighting
  1912 | D:2      | Noticed Natasha
  1919 | D:2      | Killed Natasha
  1925 | D:2      | Noticed Natasha
  1932 | D:2      | Killed Natasha
  1933 | D:2      | Reached XP level 6. HP: 58/66 MP: 6/6
  2428 | D:3      | Found a faded altar of an unknown god.
  3034 | D:4      | Found a shimmering altar of Xom.
  3034 | D:4      | Found an iron altar of Okawaru.
  3319 | D:5      | Entered Level 5 of the Dungeon
  3364 | D:5      | Found a shadowy altar of Dithmenos.
  3465 | D:5      | Noticed a black bear
  3475 | D:5      | Killed a black bear
  3476 | D:5      | Reached skill level 5 in Maces & Flails
  3476 | D:5      | Reached XP level 7. HP: 68/72 MP: 7/7
  3851 | D:5      | Reached skill level 1 in Throwing
  4093 | D:6      | Reached XP level 8. HP: 80/83 MP: 8/8
  4295 | D:6      | Found a runed translucent door.
  4306 | D:6      | Reached skill level 1 in Stealth
  4355 | D:6      | Noticed flammie80's ghost (weakling FoMo)
  4381 | D:6      | Killed flammie80's ghost
  4474 | D:6      | Found a basalt altar of Yredelemnul.
  4655 | D:6      | Noticed Prince Ribbit
  4681 | D:6      | Killed Prince Ribbit
  4922 | D:6      | Reached skill level 5 in Dodging
  5025 | D:7      | Found a glowing golden altar of the Shining One.
  5039 | D:7      | Reached XP level 9. HP: 85/93 MP: 9/9
  5455 | D:7      | Found a staircase to the Ecumenical Temple.
  5474 | Temple   | Entered the Ecumenical Temple
  5483 | Temple   | Became a worshipper of Trog the Wrathful
  5537 | D:7      | Reached skill level 5 in Shields
  5856 | D:8      | Found a blossoming altar of Fedhas.
  6176 | D:8      | Reached XP level 10. HP: 17/106 MP: 10/10
  6322 | D:8      | Found a bloodstained altar of Trog.
  6322 | D:8      | Noticed rozman's ghost (novice MiFi)
  6322 | D:8      | Noticed a moth of wrath
  6334 | D:8      | Found a transporter.
  6357 | D:8      | Found a transporter.
  6905 | D:8      | Found a sacrificial altar of Ru.
  7044 | D:9      | Found a shimmering blue altar of Sif Muna.
  7064 | D:9      | Found an ornate altar of the Wu Jian Council.
  7080 | D:9      | HP: 1/107 [centaur/arrow (10)]
  7080 | D:9      | Slain by a hornet

Illustrated notes

Levels and vault maps discovered:
D:1:      scummos_arrival_checkerplants, layout_loops_ring,
          grunt_decor_resistance, kennysheep_minor_cross
D:2:      layout_rooms, kennysheep_generic_room_13, uniq_natasha
D:3:      layout_loops_corners, shapermc_ecumenical_altar_hornbeckon
D:4:      layout_gridville, mainiacjoe_overflow_divided_tiny
D:5:      layout_basic, mainiacjoe_overflow_paths, kennysheep_decorative_pillar
D:6:      layout_basic, yredelemnul_altar_generic, ebering_ghost_sewer_d,
          uniq_prince_ribbit1
D:7:      layout_rooms, amcnicky_altar_gilded, minmay_temple_entry_slanted
D:8:      layout_gridville, mainiacjoe_overflow_six_doors_small,
          nicolae_ru_the_path_less_chosen, gammafunk_ghost_wrathful_warriors
D:9:      layout_rooms, mainiacjoe_overflow_catch_the_wave, david_lair_shrubbed,
          hangedman_misty_isle
Temple:   nicolae_temple_ecumenical_triangle

Skill      XL: |  1  2  3  4  5  6  7  8  9 10 |
---------------+-------------------------------+-----
Dodging        | 3 4 5 6 |  6.3
Shields        | 3 4 5 |  5.9
Maces & Flails | 3 4 5 6 7 9 |  9.6
Fighting       | 5 6 7 8 9 |  9.4
Throwing       | 1 2 |  2.0
Stealth        | 1 |  1.8

Action                     |  1- 3 |  4- 6 |  7- 9 | 10-12 || total
---------------------------+-------+-------+-------+-------++-------
  Melee: Flail             |   108 |   176 |   320 |    86 ||   690
         Headbutt          |     5 |    24 |    68 |    14 ||   111
  Throw: Stone             |     4 |    12 |    11 |     1 ||    28
    Use: Potion            |     1 |       |       |     2 ||     3
   Stab: Sleeping          |       |     2 |       |       ||     2
 Armour: Robe              |    86 |   123 |   231 |    72 ||   512
  Dodge: Dodged            |    30 |    69 |   138 |    30 ||   267
  Block: Kite shield       |    46 |    84 |   136 |    50 ||   316
